 Dungeon Crawl Stone Soup version 0.23.2 (webtiles) character file.

Game seed: 1781834213254509874

145374 Llamajah the Fighter (level 16, -3/133 HPs)
             Began as a Demonspawn Gladiator on June 13, 2019.
             Was the Champion of Okawaru.
             Killed from afar by a merfolk aquamancer (6 damage)
             ... with a ball of steam
             ... on level 4 of the Shoals on June 14, 2019.
             The game lasted 02:44:42 (46228 turns).

Llamajah the Fighter (Demonspawn Gladiator)        Turns: 46228, Time: 02:44:43

Health: -3/133     AC: 37    Str: 25    XL:     16   Next: 87%
Magic:  0/19       EV: 19    Int: 10    God:    Okawaru [******]
Gold:   116        SH:  0    Dex: 19    Spells: 15/15 levels left

rFire    + . .     SeeInvis .   X - +3 scimitar (flame)
rCold    + . .     Gourm    .   (no shield)
rNeg     + . .     Faith    +   y - +4 chain mail {MR+}
rPois    +         Spirit   +   R - -2 hat of the Alchemist {rElec rPois rF+ rC+ rN+ MR+ rMut rCorr}
rElec    +         Reflect  .   A - +2 cloak
rCorr    +         Harm     .   l - +4 pair of gloves of Subjectivity {rPois Str+4 Int+3}
rMut     +                      L - +2 pair of boots {Fly}
MR       +++..                  O - amulet of faith
Stlth    ..........             M - ring "Gywuunk" {+Blink Int-3 Dex+4 Slay+3 Stlth+}
HPRegen  0.32/turn              S - ring of Robustness {AC+8}
MPRegen  0.32/turn

@: about to teleport, finesse, barbed spikes, flying, very slightly contaminated
A: antennae 2, yellow scales 1, low mp 1, powered by pain 1, magic shield, magic
regeneration, magic link
a: Heroism, Finesse, Renounce Religion, Evoke Blink, Stop Flying


You were on level 4 of the Shoals.
You worshipped Okawaru.
Okawaru was exalted by your worship.
You were very hungry.

You visited 6 branches of the dungeon, and saw 30 of its levels.
You also visited: Gauntlet.

You collected 3950 gold pieces.
You spent 3834 gold pieces at shops.

Inventory:

Hand Weapons
 s - a +1 fustibalus of flaming
 v - the +1 dire flail of Nusaxai {crush, +Fly Str+2}
   (Okawaru gifted it to you on level 4 of the Lair of Beasts)

   It inflicts extra damage upon your enemies.
   It affects your strength (+2).
   It lets you fly.
 X - a +3 scimitar of flaming (weapon)
Missiles
 U - 6 throwing nets (quivered)
 Z - 407 sling bullets
Armour
 b - the +4 troll leather armour of Duty {rN+ MR- Regen+ Int+5}
   (You found it on level 3 of the Shoals)

   It affects your intelligence (+5).
   It protects you from negative energy.
   It affects your resistance to hostile enchantments.
   It increases your rate of regeneration.
 l - the +4 pair of gloves of Subjectivity (worn) {rPois Str+4 Int+3}
   (Okawaru gifted it to you on level 2 of the Shoals)

   It affects your strength (+4).
   It affects your intelligence (+3).
   It protects you from poison.
 u - the +1 scale mail of Buanut {Dex+6}
   (You took it off an orc priest on level 6 of the Dungeon)

   It affects your dexterity (+6).
 y - a +4 chain mail of magic resistance (worn)
 A - a +2 cloak (worn)
 L - a +2 pair of boots of flying (worn)
 R - the -2 hat of the Alchemist (worn) {rElec rPois rF+ rC+ rN+ MR+ rMut rCorr}
   (You bought it in a shop on level 14 of the Dungeon)

   It protects you from fire.
   It protects you from cold.
   It insulates you from electricity.
   It protects you from poison.
   It protects you from negative energy.
   It affects your resistance to hostile enchantments.
   It provides partial protection from all sources of acid and corrosion.
   It protects you from mutation.
Jewellery
 a - an uncursed ring of protection from cold
 c - an uncursed ring of poison resistance {unknown}
 H - an uncursed amulet of the gourmand
 M - the ring "Gywuunk" (left hand) {+Blink Int-3 Dex+4 Slay+3 Stlth+}
   (You found it in a Gauntlet)

   [ring of stealth]

   It affects your intelligence (-3).
   It affects your dexterity (+4).
   It affects your accuracy and damage with ranged weapons and melee attacks
   (+3).
   It lets you blink.
   It makes you more stealthy.
 O - an amulet of faith (around neck)
 S - the ring of Robustness (right hand) {AC+8}
   (You found it in a Gauntlet)

   [ring of protection]

   It affects your AC (+8).
 V - an uncursed ring of protection from fire
 W - an uncursed ring of see invisible
 Y - an uncursed ring of resist corrosion
Wands
 B - a wand of digging (18)
 N - a wand of paralysis (19)
 T - a wand of scattershot (13)
Scrolls
 d - a scroll of vulnerability {unknown}
 g - 10 scrolls of remove curse
 h - 7 scrolls of teleportation
 j - 6 scrolls of enchant armour
 p - 8 scrolls of enchant weapon
 q - 2 scrolls of brand weapon
 t - 2 scrolls of immolation
 w - 2 scrolls of fear
 E - 3 scrolls of fog
 F - 4 scrolls of magic mapping
 G - a scroll of silence
 I - 2 scrolls of summoning
Potions
 i - 2 potions of ambrosia
 k - 7 potions of cancellation
 m - a potion of mutation
 o - 2 potions of might
 x - 2 potions of agility
 z - 6 potions of haste
 D - 4 potions of magic
 K - 2 potions of resistance
 P - a potion of berserk rage
 Q - 3 potions of invisibility
Comestibles
 f - 24 rations


   Skills:
 * Level 14.2 Fighting
 + Level 12.2 Long Blades
 + Level 7.8(8.5) Slings
 - Level 5.1(7.2) Throwing
 + Level 14.0 Armour
 + Level 13.8 Dodging
 - Level 7.8 Invocations


You had 15 spell levels left.
You didn't know any spells.
Your spell library contained the following spells:

 Spells                   Type           Power        Failure   Level  Hunger
 Animate Skeleton         Necr           N/A          83%         1    ##.....
 Apportation              Tloc           #.....       83%         1    ##.....
 Beastly Appendage        Tmut           #.....       83%         1    ##.....
 Confusing Touch          Hex            #.....       83%         1    ##.....
 Infusion                 Chrm           #...         83%         1    ##.....
 Magic Dart               Conj           #...         83%         1    ##.....
 Sting                    Conj/Pois      #...         83%         1    ##.....
 Summon Small Mammal      Summ           #...         83%         1    ##.....
 Poisonous Vapours        Pois/Air       #.....       93%         2    ###....
 Searing Ray              Conj           #.....       93%         2    ###....
 Shroud of Golubria       Chrm/Tloc      #.........   93%         2    ###....
 Song of Slaying          Chrm           #.......     93%         2    ###....
 Sticks to Snakes         Tmut           #.......     93%         2    ###....
 Dazzling Spray           Conj/Hex       #.....       99%         3    ####...
 Mephitic Cloud           Conj/Pois/Air  #.......     99%         3    ####...
 Regeneration             Chrm/Necr      #.........   99%         3    ####...
 Spectral Weapon          Hex/Chrm       #.......     99%         3    ####...
 Spider Form              Tmut/Pois      #.........   99%         3    ####...
 Force Lance              Conj/Tloc      #.......     100%        4    #####..
 Fulminant Prism          Conj/Hex       #.........   100%        4    #####..
 Ice Form                 Ice/Tmut       #.......     100%        4    #####..
 Iskenderun's Mystic Bla  Conj           #.......     100%        4    #####..
 Olgreb's Toxic Radiance  Pois           #.......     100%        4    #####..
 Alistair's Intoxication  Tmut/Pois      #.......     100%        5    ######.
 Blade Hands              Tmut           #.........   100%        5    ######.
 Venom Bolt               Conj/Pois      #.........   100%        5    ######.
 Deflect Missiles         Chrm/Air       #.........   100%        6    #######
 Tornado                  Air            #.........   100%        9    #######


Dungeon Overview and Level Annotations

Branches:
Dungeon (15/15)            Temple (1/1) D:5            Lair (6/6) D:10
 Shoals (4/4) Lair:3        Snake (2/4) Lair:3        Slime (0/5) Lair:6
    Orc (2/2) D:10            Elf (0/3) Orc:2        Vaults (0/5) D:14
 Depths (0/5) D:15

Altars:
Ashenzari
Cheibriados
Dithmenos
Elyvilon
Fedhas
Gozag
Hepliaklqana
Kikubaaqudgha
Makhleb
Nemelex Xobeh
Okawaru
Qazlal
Ru
Sif Muna
Trog
Uskayaw
Vehumet
Wu Jian
Xom
Yredelemnul
Zin
The Shining One

Shops:
D:4 =%[   D:8 !:?=[   D:14 *[   Orc:2 }%?[   Shoals:3 ?([=

Annotations:
Lair:6 exclusion: oklob plant
Shoals:4 3 runed translucent doors, Louise


Innate Abilities, Weirdness & Mutations

You have a pair of antennae on your head.
You are partially covered in yellow scales. (AC +2)
You sometimes gain a little power by taking damage.
When hurt, damage is shared between your health and your magic reserves.
You regenerate magic rapidly.
When low on magic, you restore magic in place of health.
Your magical capacity is low. (-10% MP)


Message History

* * * LOW HITPOINT WARNING * * *
Your lungs strain for air!
The merfolk javelineer throws a poisoned javelin.
The poisoned javelin hits you.
* * * LOW HITPOINT WARNING * * *
You hit the water elemental. You burn the water elemental.
You destroy the water elemental!
Okawaru accepts your kill.
You gasp with relief as air once again reaches your lungs.
The manticore misses you.
The manticore claws you but does no damage. x2
The water elemental barely misses you.
You riposte.
You hit the water elemental but do no damage.
The satyr shoots a sling bullet.
The sling bullet hits you!
* * * LOW HITPOINT WARNING * * *
You hit the manticore. You burn the manticore.
The manticore is lightly wounded.
The merfolk aquamancer casts a spell at you.
The ball of steam hits you! You resist.
You die...

###≈≈≈≈≈≈..≈≈≈≈≈≈≈≈≈≈≈......≈≈
#≈≈##≈≈≈≈c.≈≈≈≈≈≈≈≈≈≈...
≈≈≈##≈≈≈≈..≈≈≈≈≈≈≈m≈≈...
#≈##..≈≈.....≈..≈≈≈≈≈...
≈≈##≈.≈[##.......§≈≈m..#
#≈≈#....##.....#.§≈≈≈≈..
≈..#≈......≈≈...§..≈≈≈..
..##≈≈≈≈........§..≈≈≈≈t
###.≈≈P≈≈≈.m....@...≈≈≈≈
###.≈≈≈P≈≈≈≈...EH#######
....≈P≈≈≈P≈≈≈...m#{ {
.{...P≈≈≈≈≈≈≈...m#Z{{
....PP≈≈≈≈≈≈≈m.m.+≈≈
.....≈≈≈≈≈≈≈≈..mm+.≈≈
....PPP≈≈≈≈≈≈m...+...?
.(P..P≈≈≈≈≈≈≈....#....=
...)P≈≈≈≈≈≈


You could see an alligator snapping turtle, a merfolk avatar, a merfolk impaler,
2 merfolk javelineers, a satyr, a merfolk aquamancer, 5 merfolk, a manticore, a
water elemental and a merfolk simulacrum.

Vanquished Creatures
  Jorgrun (Shoals:1)
  A kraken (Shoals:1)
  2 orc warlords
  Nessos (Lair:6)
  A minotaur (Gauntlet)
  A merfolk javelineer (Shoals:4)
  4 merfolk impalers
  A fire dragon (Lair:6)
  4 vault guards (D:14)
  A catoblepas (Gauntlet)
  A merfolk avatar (Shoals:1)
  9 hydras
  2 naga warriors
  An anaconda (Snake:2)
  A merfolk aquamancer (Shoals:3)
  4 centaur warriors
  5 two-headed ogres
  2 alligator snapping turtles
  Erica (Orc:1)
  2 satyrs
  An ogre mage (D:14)
  A tengu warrior (D:14)
  9 death yaks
  An orc high priest (Orc:1)
  A deep troll earth mage (D:13)
  A hell hog (Gauntlet)
  2 naga sharpshooters
  A deep elf knight (D:14)
  Sonja (Lair:5)
  A skeletal warrior (D:15)
  A fire crab (Lair:6)
  A wizard (D:14)
  7 sea snakes
  A flayed ghost (D:13)
  3 unseen horrors
  A wolf spider zombie (D:13)
  2 orc knights
  A lindwurm (Lair:6)
  Pikel (D:5)
  28 harpies
  2 deep elf magi
  An oklob plant (Lair:2)
  An ugly thing (D:10)
  4 cyclopes
  10 manticores
  6 orc sorcerers
  12 fauns
  6 merfolk sirens
  A salamander (Lair:3)
  3 elephants
  A centaur zombie (D:14)
  Joseph (D:10)
  2 ice statues (Shoals:3)
  2 guardian serpents
  15 black mambas
  A rust devil (Gauntlet)
  A naga mage (Snake:2)
  8 spiny frogs
  2 gargoyles
  2 molten gargoyles (Lair:6)
  3 water nymphs
  2 rime drakes
  7 komodo dragons
  An efreet (D:15)
  2 polar bears
  3 wind drakes
  6 trolls
  19 merfolk
  4 harpy zombies (Shoals:3)
  A hornet (D:13)
  11 dream sheep
  11 blink frogs
  8 snapping turtles
  17 hippogriffs
  A shadow (D:11)
  A centaur simulacrum (D:13)
  2 wraiths
  A human (D:14)
  7 wyverns
  A ynoxinul (Gauntlet)
  5 water elementals
  30 yaks
  4 fire bats (Gauntlet)
  A hungry ghost (D:8)
  10 basilisks
  3 steam dragons
  7 vampire mosquitoes
  12 nagas
  An acid dragon (D:15)
  4 wargs
  2 soldier ants
  Duvessa (D:5)
  6 hell hounds
  23 water moccasins
  11 porcupines
  2 ice beasts
  An eye of draining (D:9)
  43 orc warriors
  4 phantoms
  A black bear (D:10)
  3 sky beasts
  A necrophage (D:12)
  11 ogres
  11 crocodiles
  16 centaurs
  A hippogriff zombie (Shoals:3)
  A wyvern zombie (D:13)
  Blork the orc (D:4)
  21 bullfrogs
  Dowan (D:5)
  7 scorpions
  17 killer bees
  2 howler monkeys
  9 wights
  An electric eel (Lair:1)
  6 crimson imps
  4 centaur skeletons
  5 lava snakes (Lair:6)
  3 bullfrog zombies
  27 orc priests
  A quasit (D:12)
  9 hounds
  5 jellies
  48 orc wizards
  4 iron imps (Gauntlet)
  A bullfrog skeleton (D:8)
  4 iguanas
  5 worker ants
  2 killer bee zombies
  2 hound skeletons
  A worker ant zombie (D:7)
  6 gnolls
  2 howler monkey skeletons
  14 adders
  4 shadow imps
  3 oozes
  An adder skeleton (D:6)
  An adder zombie (D:10)
  5 worms
  5 leopard geckos
  122 orcs
  7 bats
  A bat zombie (Shoals:3)
  8 giant cockroaches
  5 goblins
  5 hobgoblins
  3 quokkas
  2 ball pythons
  5 frilled lizards
  2 jackal skeletons
  9 kobolds
  A leopard gecko skeleton (D:6)
  A leopard gecko zombie (D:2)
  3 quokka skeletons
  A quokka zombie (D:6)
  7 rats
  2 plants
  6 tentacles (Shoals:1)
931 creatures vanquished.

Vanquished Creatures (others)
  A harpy (Shoals:4)
  A slave (D:5)
  A crocodile (Lair:6)
  An orc wizard (Orc:2)
  7 fungi
  36 plants
  7 tentacles (Shoals:1)
54 creatures vanquished.

Grand Total: 985 creatures vanquished

Notes
Turn   | Place    | Note
-------+----------+-------------------------------------------
     0 | D:1      | Llamajah the Demonspawn Gladiator began the quest for the
                  | Orb.
     0 | D:1      | Reached XP level 1. HP: 16/16 MP: 1/1
   582 | D:1      | Gained mutation: You sometimes gain a little power by
                  | taking damage. [demonic ancestry]
   582 | D:1      | Reached XP level 2. HP: 17/22 MP: 2/2
  1583 | D:2      | Reached XP level 3. HP: 25/27 MP: 3/3
  1888 | D:3      | Reached skill level 1 in Armour
  1906 | D:3      | Reached XP level 4. HP: 24/34 MP: 4/4
  2518 | D:4      | Found Rurops's Food Shop.
  2592 | D:4      | Reached XP level 5. HP: 40/40 MP: 5/5
  2656 | D:4      | Found Roaczaos's Jewellery Emporium.
  2685 | D:4      | Noticed an ogre
  2936 | D:4      | Found Pedghefu's Armour Shoppe.
  3007 | D:4      | Found a basalt altar of Yredelemnul.
  3008 | D:4      | Found an ornate altar of the Wu Jian Council.
  3008 | D:4      | Found a glowing silver altar of Zin.
  3008 | D:4      | Found an opulent altar of Gozag.
  3021 | D:4      | Found a stormy altar of Qazlal.
  3025 | D:4      | Found a radiant altar of Vehumet.
  3061 | D:4      | Killed an ogre
  3061 | D:4      | Gained mutation: When hurt, damage is shared between your
                  | health and your magic reserves. [demonic ancestry]
  3061 | D:4      | Reached XP level 6. HP: 20/47 MP: 6/6
  3247 | D:4      | Noticed Blork the orc
  3262 | D:4      | Killed Blork the orc
  3813 | D:5      | Entered Level 5 of the Dungeon
  3933 | D:5      | Reached skill level 5 in Dodging
  3960 | D:5      | Gained mutation: You have a pair of small antennae on your
                  | head. [demonic ancestry]
  3960 | D:5      | Reached XP level 7. HP: 45/53 MP: 7/7
  4836 | D:5      | Noticed Pikel
  4880 | D:5      | Killed Pikel
  4880 | D:5      | Gained mutation: You have a pair of antennae on your head.
                  | [demonic ancestry]
  4880 | D:5      | Reached XP level 8. HP: 35/61 MP: 1/8
  5063 | D:5      | Noticed Duvessa
  5063 | D:5      | Noticed Dowan
  5086 | D:5      | Killed Duvessa
  5104 | D:5      | Killed Dowan
  5391 | D:5      | Reached skill level 5 in Fighting
  5391 | D:5      | Reached skill level 5 in Long Blades
  5637 | D:5      | Found a staircase to the Ecumenical Temple.
  5643 | Temple   | Entered the Ecumenical Temple
  5762 | Temple   | Became a worshipper of Warmaster Okawaru
  6600 | D:6      | Identified the +1 scale mail of Buanut {Dex+6}
  6642 | D:6      | Gained mutation: You regenerate magic rapidly. [demonic
                  | ancestry]
  6642 | D:6      | Reached XP level 9. HP: 22/68 MP: 4/9
  7619 | D:6      | Reached * piety under Okawaru
  8370 | D:4      | Bought a +2 pair of gloves of archery for 279 gold pieces
  8518 | D:7      | Reached skill level 5 in Armour
  9738 | D:7      | You fall through a shaft for 3 floors!
  9738 | D:10     | Entered Level 10 of the Dungeon
  9933 | D:9      | Reached skill level 1 in Invocations
 10084 | D:9      | Reached ** piety under Okawaru
 10084 | D:9      | Reached XP level 10. HP: 76/77 MP: 9/11
 10103 | D:9      | Noticed a guardian serpent
 10864 | D:10     | Noticed a brown ugly thing
 12363 | D:8      | Found Reatwey's Jewellery Shoppe.
 12390 | D:8      | Bought a +1 ring of evasion for 45 gold pieces
 12427 | D:8      | Found Kezin's Armour Emporium.
 12433 | D:8      | Bought a +0 cloak for 49 gold pieces
 12493 | D:8      | Found Liseuhaf's Book Shoppe.
 12514 | D:8      | Found Jolyps's Distillery.
 12634 | D:8      | Reached *** piety under Okawaru
 12653 | D:8      | Found Qeniaf's Magic Scroll Shoppe.
 12764 | D:8      | Bought a scroll of identify for 32 gold pieces
 12764 | D:8      | Bought a scroll of identify for 32 gold pieces
 12764 | D:8      | Bought a scroll of identify for 32 gold pieces
 12764 | D:8      | Bought a scroll of identify for 32 gold pieces
 13804 | D:9      | Reached skill level 10 in Dodging
 13821 | D:9      | Reached skill level 5 in Invocations
 13853 | D:9      | Killed a guardian serpent
 13853 | D:9      | Gained mutation: You are partially covered in yellow
                  | scales. (AC +2) [demonic ancestry]
 13853 | D:9      | Reached XP level 11. HP: 46/84 MP: 7/14
 14154 | D:10     | Killed a brown ugly thing
 14154 | D:10     | Reached **** piety under Okawaru
 14169 | D:10     | Found a staircase to the Orcish Mines.
 14209 | D:10     | Noticed Joseph
 14220 | D:10     | Killed Joseph
 15139 | D:10     | Found a staircase to the Lair.
 15274 | D:11     | Received a gift from Okawaru
 15489 | D:11     | Reached ***** piety under Okawaru
 15780 | D:11     | Killed an unseen horror
 16279 | D:12     | Noticed a deep elf mage
 16287 | D:12     | Killed a deep elf mage
 16795 | D:12     | Received a gift from Okawaru
 17179 | D:13     | Gained mutation: When low on magic, you restore magic in
                  | place of health. [demonic ancestry]
 17179 | D:13     | Reached XP level 12. HP: 94/94 MP: 17/17
 17381 | D:13     | Noticed a two-headed ogre
 17394 | D:13     | Killed a two-headed ogre
 17516 | D:13     | Noticed a two-headed ogre
 17524 | D:13     | Killed a two-headed ogre
 17524 | D:13     | Received a gift from Okawaru
 17527 | D:13     | Got an iridescent shortbow {god gift}
 17528 | D:13     | Identified the +7 shortbow of the Aged Emperors {velocity,
                  | *Contam *Corrode rN++ Str+8} (Okawaru gifted it to you on
                  | level 13 of the Dungeon)
 17530 | D:13     | Gained mutation: Your magical capacity is low. (-10% MP)
                  | [mutagenic glow]
 17652 | D:13     | Noticed a two-headed ogre
 17667 | D:13     | Killed a two-headed ogre
 18120 | D:13     | Noticed an eight-headed hydra
 18138 | D:13     | Killed a nine-headed hydra
 18358 | D:13     | Noticed a five-headed hydra
 18358 | D:13     | Noticed a five-headed hydra
 18359 | D:13     | Noticed a deep troll earth mage
 18414 | D:14     | Found Fetitas's Armour Shop.
 18430 | D:14     | Found Goata's General Store.
 18433 | D:14     | Bought a scroll of identify for 30 gold pieces
 18460 | D:14     | Received a gift from Okawaru
 18471 | D:14     | Noticed a centaur warrior
 18488 | D:14     | Killed a centaur warrior
 18505 | D:14     | Noticed a two-headed ogre
 18511 | D:14     | Noticed a centaur warrior
 18520 | D:14     | Killed a two-headed ogre
 18534 | D:14     | Killed a centaur warrior
 19076 | D:14     | Noticed a vault guard
 19320 | D:14     | Noticed an ogre mage
 19341 | D:14     | Killed an ogre mage
 19348 | D:14     | Killed a vault guard
 19364 | D:14     | Paralysed by a wizard for 2 turns
 19373 | D:14     | Reached skill level 10 in Armour
 19373 | D:14     | Reached XP level 13. HP: 102/102 MP: 16/16
 19712 | D:14     | Found a gate to the Vaults.
 19900 | D:15     | Entered Level 15 of the Dungeon
 20650 | D:15     | Received a gift from Okawaru
 20683 | D:15     | Reached skill level 10 in Fighting
 20945 | D:15     | Found a staircase to the Depths.
 21789 | D:13     | Reached skill level 5 in Throwing
 21881 | D:13     | Received a gift from Okawaru
 22198 | D:13     | Noticed a fire giant
 22199 | D:13     | Noticed a fire giant
 22199 | D:13     | Noticed a storm dragon
 22734 | D:4      | Bought an uncursed ring of see invisible for 210 gold
                  | pieces
 22985 | Lair:1   | Entered Level 1 of the Lair of Beasts
 24231 | Lair:1   | Reached ****** piety under Okawaru
 24231 | Lair:1   | Reached skill level 1 in Slings
 24314 | Lair:1   | Found a stormy altar of Qazlal.
 25041 | Lair:2   | Identified 2 scrolls of acquirement
 25049 | Lair:2   | Got a translucent steel ring
 25051 | Lair:2   | Identified the ring "Kecigi" {*Corrode +Inv AC+3 Dex+3}
                  | (You acquired it on level 2 of the Lair of Beasts)
 25287 | Lair:2   | Reached skill level 10 in Long Blades
 25376 | Lair:2   | HP: 5/104 [poisoned by a spiny frog]
 25381 | Lair:2   | HP: 3/104 [poisoned by a spiny frog]
 25386 | Lair:2   | HP: 3/104 [poisoned by a spiny frog]
 25393 | Lair:2   | HP: 2/104 [poisoned by a spiny frog]
 25401 | Lair:2   | HP: 3/104 [poisoned by a spiny frog]
 25768 | Lair:2   | Received a gift from Okawaru
 26455 | Lair:3   | Found a gate leading to a gauntlet.
 26642 | Gauntlet | Entered a Gauntlet
 26642 | Gauntlet | Found a transporter.
 26653 | Gauntlet | Found a transporter.
 26671 | Gauntlet | Found a transporter.
 26673 | Gauntlet | Found a transporter.
 26689 | Gauntlet | Found a transporter.
 26702 | Gauntlet | Found a runed translucent gate.
 26703 | Gauntlet | Found a transporter.
 26703 | Gauntlet | Found a runed translucent gate.
 26704 | Gauntlet | Found a runed translucent gate.
 26708 | Gauntlet | Found a transporter.
 26719 | Gauntlet | Found a transporter.
 26724 | Gauntlet | Found a transporter.
 26738 | Gauntlet | Found a transporter.
 26741 | Gauntlet | Found a transporter.
 26761 | Gauntlet | Noticed a green death
 26766 | Gauntlet | Found a runed translucent door.
 26768 | Gauntlet | Found a transporter.
 26770 | Gauntlet | Found a runed translucent door.
 26771 | Gauntlet | Found the ring of Robustness {AC+8}
 26783 | Gauntlet | Found a transporter.
 26820 | Gauntlet | Found a transporter.
 26850 | Gauntlet | Reached XP level 14. HP: 103/111 MP: 17/17
 26917 | Gauntlet | Got a translucent bronze ring
 26919 | Gauntlet | Identified the ring "Gywuunk" {+Blink Int-3 Dex+4 Slay+3
                  | Stlth+} (You found it in a Gauntlet)
 27591 | Lair:3   | Found a staircase to the Snake Pit.
 27942 | Lair:3   | Found a staircase to the Shoals.
 28301 | Lair:3   | Got a twitching tin amulet
 28623 | Lair:4   | Received a gift from Okawaru
 28656 | Lair:4   | Identified the amulet of Qoek {Spirit Int+3} (You found it
                  | on level 3 of the Lair of Beasts)
 28659 | Lair:4   | Got a faintly glowing dire flail {god gift}
 28660 | Lair:4   | Identified the +1 dire flail of Nusaxai {crush, +Fly Str+2}
                  | (Okawaru gifted it to you on level 4 of the Lair of Beasts)
 29298 | D:14     | Bought a +2 cloak for 297 gold pieces
 29298 | D:14     | Bought the -2 hat of the Alchemist {rElec rPois rF+ rC+ rN+
                  | MR+ rMut rCorr} for 849 gold pieces
 29298 | D:14     | Found the -2 hat of the Alchemist {rElec rPois rF+ rC+ rN+
                  | MR+ rMut rCorr}
 29456 | D:8      | Bought a scroll of teleportation for 48 gold pieces
 29456 | D:8      | Bought a scroll of blinking for 120 gold pieces
 29456 | D:8      | Bought a scroll of teleportation for 48 gold pieces
 30310 | Lair:5   | Received a gift from Okawaru
 30323 | Lair:5   | Got a crystal hunting sling {god gift}
 30324 | Lair:5   | Identified the +7 hunting sling of the Goat {velocity,
                  | *Drain rF+ Str+4} (Okawaru gifted it to you on level 5 of
                  | the Lair of Beasts)
 30666 | Lair:5   | Noticed Sonja
 30677 | Lair:5   | Killed Sonja
 31322 | Lair:6   | Entered Level 6 of the Lair of Beasts
 31396 | Lair:6   | Found a staircase to the Slime Pits.
 31431 | Lair:6   | Noticed Nessos
 31453 | Lair:6   | Killed Nessos
 31453 | Lair:6   | Received a gift from Okawaru
 32228 | Lair:6   | Reached XP level 15. HP: 90/119 MP: 15/18
 32510 | Lair:6   | Received a gift from Okawaru
 32566 | Lair:6   | Found a large runed translucent door.
 32566 | Lair:6   | Found a large runed translucent door.
 32868 | Lair:6   | Reached skill level 5 in Slings
 33133 | Orc:1    | Entered Level 1 of the Orcish Mines
 33329 | Orc:1    | Noticed Erica
 33345 | Orc:1    | Killed Erica
 33514 | Orc:1    | Noticed an orc warlord
 33569 | D:10     | Killed an orc warlord
 33977 | Orc:1    | Noticed an orc warlord
 33999 | Orc:1    | Killed an orc warlord
 34521 | Orc:2    | Entered Level 2 of the Orcish Mines
 34521 | Orc:2    | Found a staircase to the Elven Halls.
 34802 | Orc:2    | Paralysed by an orc sorcerer for 4 turns
 35236 | Orc:2    | Paralysed by an orc sorcerer for 4 turns
 35953 | Orc:2    | Received a gift from Okawaru
 36564 | Orc:2    | Found Zaphifev's Food Shoppe.
 36565 | Orc:2    | Found Taen's Antique Armour Emporium.
 36566 | Orc:2    | Found Zusar's Magic Scroll Emporium.
 36569 | Orc:2    | Found Nyecsut's Gadget Shoppe.
 36574 | Orc:2    | Bought a scroll of identify for 28 gold pieces
 36574 | Orc:2    | Bought a scroll of teleportation for 42 gold pieces
 36574 | Orc:2    | Bought a scroll of silence for 105 gold pieces
 36574 | Orc:2    | Bought 2 scrolls of identify for 56 gold pieces
 36574 | Orc:2    | Bought a scroll of brand weapon for 280 gold pieces
 36574 | Orc:2    | Bought a scroll of fog for 28 gold pieces
 36578 | Orc:2    | Bought a wand of digging (8) for 312 gold pieces
 36578 | Orc:2    | Bought a wand of digging (4) for 208 gold pieces
 36809 | Orc:2    | Bought a pair of runed boots for 232 gold pieces
 36822 | Orc:2    | Bought a ration for 65 gold pieces
 36822 | Orc:2    | Bought a ration for 65 gold pieces
 36822 | Orc:2    | Bought a ration for 65 gold pieces
 37002 | Snake:1  | Entered Level 1 of the Snake Pit
 37041 | Lair:3   | Received a gift from Okawaru
 39089 | Shoals:1 | Entered Level 1 of the Shoals
 39376 | Shoals:1 | Received a gift from Okawaru
 39840 | Shoals:1 | Noticed a kraken
 40164 | Shoals:1 | Noticed Jorgrun
 40192 | Shoals:1 | Killed Jorgrun
 40192 | Shoals:1 | Reached XP level 16. HP: 60/129 MP: 9/19
 40194 | Shoals:1 | Identified the Guide on Transmigration and Lightness
 40967 | Shoals:1 | Killed a kraken
 41291 | Shoals:2 | Received a gift from Okawaru
 41299 | Shoals:2 | Got a pair of distressingly furry gloves {god gift}
 41310 | Shoals:2 | Identified the +4 pair of gloves of Subjectivity {rPois
                  | Str+4 Int+3} (Okawaru gifted it to you on level 2 of the
                  | Shoals)
 42612 | Shoals:3 | Found Amo Zaes's Armour Boutique.
 42654 | Shoals:3 | Found Jatsadimp's Jewellery Shop.
 42660 | Shoals:3 | Found Ipseum's General Store.
 43113 | Shoals:3 | Found Xasos's Weapon Emporium.
 43984 | Shoals:3 | Found Cuzig's Magic Scroll Shoppe.
 44139 | Shoals:3 | Bought a scroll of teleportation for 42 gold pieces
 44139 | Shoals:3 | Bought a scroll of random uselessness for 14 gold pieces
 44139 | Shoals:3 | Bought a scroll of blinking for 105 gold pieces
 44139 | Shoals:3 | Bought a scroll of identify for 28 gold pieces
 44139 | Shoals:3 | Bought a scroll of identify for 28 gold pieces
 44139 | Shoals:3 | Bought a scroll of fog for 28 gold pieces
 44423 | Shoals:3 | Got a shimmering troll leather armour
 44449 | Shoals:3 | Identified the +4 troll leather armour of Duty {rN+ MR-
                  | Regen+ Int+5} (You found it on level 3 of the Shoals)
 44786 | Shoals:4 | Entered Level 4 of the Shoals
 45246 | Shoals:4 | Received a gift from Okawaru
 46006 | Shoals:4 | Received a gift from Okawaru
 46047 | Shoals:4 | Identified the ring of Xom's Supremacy {*Drain rPois MR+
                  | EV+4 Dex+2}
 46185 | Shoals:4 | HP: 5/133 [harpy (4)]
 46188 | Shoals:4 | Noticed Louise
 46205 | Shoals:4 | HP: 2/133 [merfolk aquamancer/shard of ice (4)]
 46216 | Shoals:4 | Found a runed translucent gate.
 46216 | Shoals:4 | Found a runed translucent gate.
 46216 | Shoals:4 | Found a runed translucent gate.
 46227 | Shoals:4 | HP: 3/133 [satyr/sling bullet (5)]
 46228 | Shoals:4 | Killed from afar by a merfolk aquamancer

Skill      XL: |  1  2  3  4  5  6  7  8  9 10 11 12 13 14 15 16 |
---------------+-------------------------------------------------+-----
Throwing       | 2 3 5 |  5.1
Dodging        | 3 4 5 6 7 8 10 11 12 13 | 13.8
Long Blades    | 3 4 5 6 7 8 9 10 11 12 | 12.2
Armour         | 1 2 3 4 5 6 8 10 11 12 13 14 | 14.0
Fighting       | 3 4 5 6 7 8 9 10 11 12 14 | 14.2
Invocations    | 1 5 7 |  7.8
Slings         | 2 4 6 7 |  7.8

Action                   |  1- 3 |  4- 6 |  7- 9 | 10-12 | 13-15 | 16-18 || total
-------------------------+-------+-------+-------+-------+-------+-------++-------
Melee: Long sword        |   111 |   177 |   416 |   428 |       |       ||  1132
       Whip              |       |       |   142 |       |       |       ||   142
       Scimitar          |       |       |       |   663 |  1556 |   575 ||  2794
       Punch             |       |       |       |     8 |    14 |     2 ||    24
 Fire: Fustibalus        |       |       |       |       |    20 |       ||    20
Throw: Throwing net      |       |     5 |     4 |     2 |       |       ||    11
       Tomahawk          |       |       |     2 |    18 |     8 |       ||    28
       Javelin           |       |       |       |     4 |       |       ||     4
Invok: Heroism           |       |       |     5 |    21 |    16 |     4 ||    46
       Finesse           |       |       |       |       |     3 |     1 ||     4
Evoke: Wand              |       |       |       |    13 |     5 |       ||    18
  Use: Scroll            |       |     6 |     7 |    15 |    23 |    19 ||    70
       Potion            |       |     1 |     6 |     5 |     8 |     4 ||    24
 Stab: Sleeping          |     1 |       |       |       |     5 |       ||     6
       Held in net/web   |       |     3 |       |       |       |     1 ||     4
       Paralysed         |       |       |       |       |    12 |       ||    12
  Eat: Chunk             |     3 |     7 |    15 |    22 |    27 |     9 ||    83
       Ration            |       |       |     2 |     3 |    12 |     3 ||    20
Armor: Leather armour    |    33 |     1 |       |       |       |       ||    34
       Ring mail         |       |    67 |    59 |       |       |       ||   126
       Scale mail        |       |       |   120 |   383 |   630 |       ||  1133
       Chain mail        |       |       |       |       |    51 |   469 ||   520
Dodge: Dodged            |    90 |   116 |   476 |   993 |  1822 |   857 ||  4354
       Rpst.: Long sword |    23 |    40 |   124 |   118 |       |       ||   305
       Scimitar          |       |       |       |   159 |   397 |   136 ||   692
